Match 44594500
Unlisted

Match 44594500
End
Construct Infanterie Kompanie
Grenadier Squad
MG 42 Machine Gun Team
GrW 34 Mortar Team
Construct Panzergrenadier Kompanie
Selects Mechanized Battlegroup
251 Medium Carrier
Selects Mobile Repair Stations
251 Medium Carrier
Panzergrenadier Squad
Construct Panzer Kompanie
Stoßtruppen Squad
Panzer Officer Quarters
Selects Wespe Self-propelled Artillery
Stoßtruppen Squad
Medical Station
Wespe Self-propelled Artillery
Pak 40 Anti-tank Gun Team
Sturmpanzer IV Brummbär
251 Medium Carrier
Selects Raid Package
Selects StuG Assault Group
Selects UNKNOWN (2160084)
Panther Heavy Tank
Selects Zeroing Artillery Barrage
Panther Heavy Tank
CDI
Leeheberwurst
青春永驻2021
ayyyyyy
Serier13
Grizzle
北爱
0
0

Comments sign in to comment!

No comments posted yet!